 Dungeon Crawl Stone Soup version 0.23.2-40-g277498a001 (webtiles) character file.

Game seed: 2743346044716576542

48 Descartes the Insei (level 3, -2/18 HPs)
             Began as a Vine Stalker Transmuter on Oct 2, 2019.
             Killed by divine providence
             ... invoked by an orc priest
              (9 damage)
             ... on level 3 of the Dungeon.
             The game lasted 00:03:48 (1985 turns).

Descartes the Insei (Vine Stalker Transmuter)       Turns: 1985, Time: 00:03:50

Health: -2/18      AC:  5    Str: 12    XL:     3   Next: 72%
Magic:  0/7        EV: 12    Int: 14    God:
Gold:   67         SH:  0    Dex: 14    Spells: 5/6 levels left

rFire    x . .     SeeInvis .     - Unarmed
rCold    + . .     Gourm    .   (no shield)
rNeg     . . .     Faith    .   b - +1 robe
rPois    .         Spirit   +   (no helmet)
rElec    .         Reflect  .   k - +0 cloak
rCorr    .         Harm     .   (no gloves)
MR       .....                  i - +0 pair of boots
Stlth    ..........             (no amulet)
HPRegen  0.06/turn              g - ring of attention (curse)
MPRegen  0.10/turn              q - ring of ice

@: confused, appendage
A: fangs 2, horns 2, magic shield, antimagic bite, no potion heal 3, rot
immunity
a: End Transformation


You were on level 3 of the Dungeon.
You were not hungry.
You had grown temporary horns.
You visited 1 branch of the dungeon, and saw 3 of its levels.

You collected 67 gold pieces.

Inventory:

Hand Weapons
 l - a +0 blowgun
Missiles
 a - 54 arrows
 n - 49 stones (quivered)
 p - 15 poisoned needles
Armour
 b - a +1 robe (worn)
 i - a +0 pair of boots (worn)
 k - a +0 cloak (worn)
Jewellery
 g - a cursed ring of attention (left hand)
 q - a ring of ice (right hand)
Wands
 o - a wand of digging (5)
Scrolls
 e - a scroll of teleportation
 j - 5 scrolls of identify
Potions
 f - a potion of might {unknown}
 h - a potion of agility {unknown}
 m - a potion of mutation {unknown}
Comestibles
 c - a chunk of flesh
 d - 4 rations


   Skills:
 + Level 1.2 Fighting
 + Level 0.5 Armour
 + Level 1.8 Dodging
 + Level 1.2 Stealth
 * Level 3.3 Unarmed Combat
 + Level 2.4 Spellcasting
 * Level 2.5 Transmutations


You had 5 spell levels left.
You knew the following spells:

 Your Spells              Type           Power        Failure   Level  Hunger
a - Beastly Appendage     Tmut           #.....       8%          1    #......

Your spell library contained the following spells:

 Spells                   Type           Power        Failure   Level  Hunger
 Sticks to Snakes         Tmut           #.......     12%         2    ###....
 Spider Form              Tmut/Pois      #.........   38%         3    ###....
 Ice Form                 Ice/Tmut       #.......     80%         4    #####..
 Blade Hands              Tmut           #.........   91%         5    ######.


Dungeon Overview and Level Annotations

Branches:
Dungeon (3/15)

Altars:
Qazlal
Beogh


Innate Abilities, Weirdness & Mutations

You have extremely sharp teeth.
When hurt, damage is shared between your health and your magic reserves.
Your bite disrupts and absorbs the magic of your enemies.
Potions cannot restore your health.
You are immune to rotting.
You have a pair of horns on your head.


Message History

You grow a pair of large bovine horns.
The orc wizard hits you but does no damage.
You hit the orc wizard. Your headbutt misses the orc wizard.
The orc wizard is lightly wounded.
The orc priest calls down the wrath of Beogh upon you.
Beogh smites you!
Ouch! That really hurt!
The orc wizard hits you but does no damage.
You hit the orc wizard but do no damage.
The orc wizard is lightly wounded.
The orc wizard casts a spell at you.
You are confused.
You miss the orc wizard. You bite the orc wizard.
The orc wizard's magic leaks into the air.
You drain its magic.
You feel invigorated.
The orc wizard is moderately wounded.
The orc priest invokes the aid of Beogh against you.
Beogh smites you!
Ouch! That really hurt!
You die...

########## #........#
###.######.# ###
#.>..#####.########
##$..###...............#
#.8$8o##...####.####....
#_$oooo@................
#$8$8.##....#......รท....
##$$$ #.#..#.#.####....
### .......#.# #....
.....###.# ###.# #.#...
#. #.# ...#.#. #.# .. ..
#.# #.#


You could see an orc priest, an orc wizard and 3 orcs.

Vanquished Creatures
  A dart slug (D:1)
  A leopard gecko (D:2)
  7 bats
  2 giant cockroaches
  8 goblins
  2 hobgoblins (D:1)
  3 jackals (D:1)
  A quokka (D:3)
  4 frilled lizards
  8 kobolds
  2 rats (D:1)
39 creatures vanquished.

Notes
Turn   | Place    | Note
-------+----------+-------------------------------------------
     0 | D:1      | Descartes the Vine Stalker Transmuter began the quest for
                  | the Orb.
     0 | D:1      | Reached XP level 1. HP: 9/9 MP: 4/4
    48 | D:1      | Reached skill level 1 in Fighting
   441 | D:1      | Reached XP level 2. HP: 14/14 MP: 4/6
   704 | D:1      | Reached skill level 1 in Stealth
   704 | D:1      | Reached XP level 3. HP: 15/18 MP: 7/7
  1540 | D:2      | Found a stormy altar of Qazlal.
  1981 | D:3      | Found a roughly hewn altar of Beogh.
  1985 | D:3      | Killed from afar by an orc priest

Skill      XL: |  1  2 |
---------------+-------+-----
Fighting       | 1 |  1.2
Stealth        | 1 |  1.2
Armour         | |  0.5
Dodging        | |  1.8
Unarmed Combat | |  3.3
Spellcasting   | |  2.4
Transmutations | |  2.5

Action                   || total
-------------------------++-------
Melee: Unarmed           ||    95
       Headbutt          ||     8
       Bite              ||    14
       Kick              ||     7
       Punch             ||     1
 Cast: Beastly Appendage ||    23
  Use: Scroll            ||     7
  Eat: Chunk             ||     4
Armor: Robe              ||    22
Dodge: Dodged            ||    60
